 Dungeon Crawl Stone Soup version 0.23.2-33-g5129a83184 (webtiles) character file.

Game seed: 11045384398953677413

36162 MalarOregon the Spear-Bearer (level 13, -11/101 HPs)
             Began as a Merfolk Transmuter on July 31, 2019.
             Was a High Priest of the Shining One.
             Mangled by Rupert
             ... wielding a +2 battleaxe of freezing
              (29 damage)
             ... on level 3 of the Lair of Beasts.
             The game lasted 01:04:28 (20848 turns).

MalarOregon the Spear-Bearer (Merfolk Transmuter)  Turns: 20848, Time: 01:04:28

Health: -11/101    AC: 17    Str: 17    XL:     13   Next: 88%
Magic:  21/21      EV: 23    Int: 14    God:    the Shining One [*****.]
Gold:   1266       SH:  5    Dex: 14    Spells: 9/23 levels left

rFire    + . .     SeeInvis .   U - +7 spear of Wujoppum {protect, rPois MR+}
rCold    + . .     Gourm    .   C - +0 buckler
rNeg     + + .     Faith    .   I - +2 leather armour {rF+}
rPois    +         Spirit   .   m - +2 hat {MR+}
rElec    .         Reflect  .   O - +2 cloak {rC+}
rCorr    .         Harm     .   M - +2 pair of gloves {Str+3}
MR       ++...                  (no boots)
Stlth    +.........             N - amulet of magic regeneration
HPRegen  0.26/turn              P - +4 ring of protection
MPRegen  0.42/turn              R - +4 ring of evasion

@: glowing
A: change form in water, swift swim, stealthy swim
a: Divine Shield, Cleansing Flame, Summon Divine Warrior, Renounce Religion


You were on level 3 of the Lair of Beasts.
You worshipped the Shining One.
The Shining One was extremely pleased with you.
You were not hungry.

You visited 3 branches of the dungeon, and saw 15 of its levels.
You also visited: Ice Cave.

You collected 1266 gold pieces.

Inventory:

Hand Weapons
 U - the +7 spear of Wujoppum (weapon) {protect, rPois MR+}
   (You found it on level 11 of the Dungeon)

   It protects the one who uses it against injury (+AC on strike).
   It protects you from poison.
   It affects your resistance to hostile enchantments.
Missiles
 a - 272 arrows
 d - 10 javelins (quivered)
Armour
 j - a scarf of spirit shield
   (You found it on level 5 of the Dungeon)
 m - a +2 hat of magic resistance (worn)
   (You took it off Gastronok on level 10 of the Dungeon)
 C - a +0 buckler (worn)
   (You found it on level 4 of the Dungeon)
 I - a +2 leather armour of fire resistance (worn)
   (You took it off Edmund on level 6 of the Dungeon)
 K - a scarf of cloud immunity
   (You found it on level 3 of the Dungeon)
 M - a +2 pair of gloves of strength (worn)
   (You found it on level 11 of the Dungeon)
 O - a +2 cloak of cold resistance (worn)
   (You found it in an ice cave)
Magical Staves
 G - an uncursed staff of cold
   (You found it on level 5 of the Dungeon)
 Q - an uncursed staff of poison
   (You found it on level 11 of the Dungeon)
Jewellery
 f - an uncursed amulet of rage {unknown}
   (You found it on level 10 of the Dungeon)
 n - an uncursed amulet of faith {unknown}
   (You found it on level 3 of the Lair of Beasts)
 o - an uncursed ring of protection from cold
   (You found it on level 4 of the Dungeon)
 z - an uncursed ring of see invisible
   (You found it on level 3 of the Dungeon)
 N - an amulet of magic regeneration (around neck)
   (You found it on level 4 of the Dungeon)
 P - a +4 ring of protection (left hand)
   (You found it on level 9 of the Dungeon)
 R - a +4 ring of evasion (right hand)
   (You found it on level 11 of the Dungeon)
 T - a cursed amulet of inaccuracy {unknown}
   (You found it on level 11 of the Dungeon)
Wands
 t - a wand of flame (32)
   (You found it on level 4 of the Dungeon)
 v - a wand of digging (3)
   (You took it off Sigmund on level 6 of the Dungeon)
 x - a wand of acid (2)
   (You found it on level 11 of the Dungeon)
 W - a wand of polymorph (8)
   (You found it on level 11 of the Dungeon)
Scrolls
 i - 4 scrolls of fog
 q - 4 scrolls of enchant armour
 u - 4 scrolls of teleportation {@r4}
 w - a scroll of identify {@r1}
 F - 6 scrolls of remove curse {@r2}
 S - 3 scrolls of enchant weapon
Potions
 b - 3 potions of flight {unknown}
 c - 3 potions of lignification {!q}
 g - 5 potions of curing {@q1}
 h - 5 potions of mutation {unknown}
 k - 2 potions of ambrosia
 l - 3 potions of brilliance
 p - 3 potions of magic
 s - 3 potions of berserk rage
 A - 4 potions of agility
 H - a potion of invisibility {unknown}
 J - a potion of cancellation {unknown}
 L - a potion of resistance {unknown}
 Z - 5 potions of might {unknown}
Comestibles
 e - 25 rations {!d}


   Skills:
 + Level 9.2 Fighting
 - Level 14.1 Polearms
 + Level 3.7 Armour
 + Level 11.3 Dodging
 - Level 4.0 Shields
 + Level 9.2 Unarmed Combat
 + Level 5.5 Spellcasting
 - Level 10.0 Transmutations
 - Level 5.0 Ice Magic
 - Level 5.0 Poison Magic
 + Level 6.8 Invocations
 + Level 5.8 Evocations


You had 9 spell levels left.
You knew the following spells:

 Your Spells              Type           Power        Failure   Level  Hunger
a - Blade Hands           Tmut           ####......   9%          5    ######.
c - Ice Form              Ice/Tmut       ###.....     9%          4    ####...
s - Sticks to Snakes      Tmut           ####....     1%          2    ##.....
x - Spider Form           Tmut/Pois      ###.......   2%          3    ###....

Your spell library contained the following spells:

 Spells                   Type           Power        Failure   Level  Hunger
 Beastly Appendage        Tmut           ####..       1%          1    None


Dungeon Overview and Level Annotations

Branches:
Dungeon (11/15)            Temple (1/1) D:7            Lair (3/6) D:11
  Swamp (0/4) Lair:2       Spider (0/4) Lair:2          Orc (0/2) D:11

Altars:
Ashenzari
Cheibriados
Dithmenos
Elyvilon
Fedhas
Gozag
Hepliaklqana
Kikubaaqudgha
Makhleb
Nemelex Xobeh
Okawaru
Qazlal
Ru
Sif Muna
Trog
Uskayaw
Vehumet
Wu Jian
Xom
Yredelemnul
Zin
The Shining One

Shops:
D:4 }

Annotations:
Lair:3 1 runed translucent door, Brecoman's ghost, journeyman GnWn; Rupert; Snorg


Message History

The spiny frog completely misses you. Rupert misses you.
Rupert hits you with a +2 battleaxe of freezing!!!
* * * LOW HITPOINT WARNING * * *
Rupert freezes you!
* * * LOW HITPOINT WARNING * * *
There is an escape hatch in the ceiling here.
As you read the scroll of fear, it crumbles to dust.
You assume a fearsome visage.
Rupert resists with almost no effort.
Snorg looks frightened!
The crocodile looks frightened!
The spiny frog looks frightened!
Rupert is no longer berserk.
Rupert completely misses you.
As you read the scroll of teleportation {@r4}, it crumbles to dust.
You feel strangely unstable.
Your transformation is almost over.
Your surroundings suddenly seem different.
You start resting.
Your transformation has ended.
The +7 spear of Wujoppum {protect, rPois MR+} unmelds from your body.
Your +2 cloak of cold resistance unmelds from your body.
Your +2 hat of magic resistance unmelds from your body.
Your +2 pair of gloves of strength unmelds from your body.
Your +0 buckler unmelds from your body.
Your +2 leather armour of fire resistance unmelds from your body.
The +7 spear of Wujoppum {protect, rPois MR+} hums with potential!
You feel resistant to cold.
You feel resistant to hostile enchantments.
You feel stronger.
You feel resistant to fire.
Unknown command.
You start resting.
Rupert is too close now for your liking.
Unknown command.
You start resting.
Rupert is too close now for your liking.
You are confused.
You feel invigorated.
Rupert roars madly and goes into a rage!
Rupert goes berserk!
You bump into the rock wall.
Rupert hits you with a +2 battleaxe of freezing!!
* * * LOW HITPOINT WARNING * * *
Rupert freezes you! The Shining One protects you from harm!
You bump into the rock wall.
Rupert misses you.
You're too confused!
Okay, then.
You're too confused!
You feel better.
You feel less invigorated.
Rupert hits you with a +2 battleaxe of freezing!!
You die...

......,,,,,** *,,,,,*
......,,,,,,* *,,,,***
......,,,,,*** *,,,..,*
....##,,,,,,,* *,,..#**
...P#,,,,,,,,* **,,..##
,,,,,,,,,,,,,*** *,,....#
,,,,,,,,,,,,,,,* **,....#
,,,,,,,,,,,,,,######...P#
,...#.........#.@@......#
....#...........##..##..#
.....P....(..#...#.##****
................##.P#
..............###..##
.............#* #..#
.............## ##.#
####T.........# #P.#
.$$#......>...# ##.###


You could see Rupert (berserk).

Vanquished Creatures
  Gastronok (D:10)
  A frost giant (IceCv)
  The ghost of H0rd4k the Carver, a journeyman HuAr of Gozag (Lair:1)
  The ghost of barcode the Impaler, a journeyman MfWr of Okawaru (D:10)
  2 hydras (Lair:2)
  A two-headed ogre (D:10)
  A death yak (D:10)
  Pikel (D:5)
  3 wolf spiders (Lair:2)
  An ugly thing (D:10)
  5 elephants (Lair:3)
  2 black mambas (Lair:2)
  2 centaur skeletons
  5 spiny frogs
  4 rime drakes
  An ice statue (IceCv)
  A komodo dragon (Lair:1)
  A jumping spider (Lair:2)
  13 polar bears
  A queen bee (D:8)
  2 trolls (D:9)
  A bog body (Lair:2)
  A hornet (D:8)
  3 hippogriffs
  Sigmund (D:6)
  2 wyverns
  Eustachio (D:5)
  31 yaks
  A basilisk (Lair:3)
  2 wraiths
  A steam dragon (D:10)
  3 swamp worms (Lair:2)
  Edmund (D:6)
  9 porcupines
  4 water moccasins
  6 orc warriors
  4 slaves (D:5)
  5 black bears
  An eye of draining (D:9)
  2 ice beasts
  2 necrophages (D:11)
  5 sky beasts
  4 phantoms
  10 wolves (IceCv)
  5 ogres
  6 centaurs
  5 crocodiles
  Blork the orc (D:4)
  2 big kobolds
  16 bullfrogs
  4 scorpions
  A wyvern skeleton (D:8)
  14 killer bees (D:8)
  13 wights
  5 howler monkeys
  5 electric eels
  2 bullfrog zombies
  6 crimson imps
  3 hounds
  2 centaur zombies
  8 orc priests
  A bullfrog skeleton (D:4)
  18 orc wizards
  5 jellies
  2 iguanas
  19 worker ants
  A hound zombie (D:10)
  2 howler monkey zombies (D:5)
  A worker ant zombie (D:11)
  22 adders
  2 howler monkey skeletons
  5 shadow imps
  6 oozes
  An adder skeleton (D:6)
  4 worms
  A dart slug (D:1)
  4 leopard geckos
  65 orcs
  10 bats
  8 giant cockroaches
  14 goblins
  12 hobgoblins
  23 jackals
  7 quokkas
  A ball python (D:1)
  7 frilled lizards
  A jackal skeleton (D:5)
  20 kobolds
  A leopard gecko skeleton (D:8)
  11 rats
522 creatures vanquished.

Vanquished Creatures (collateral kills)
  A jackal (D:1)
1 creature vanquished.

Grand Total: 523 creatures vanquished

Notes
Turn   | Place    | Note
-------+----------+-------------------------------------------
     0 | D:1      | MalarOregon the Merfolk Transmuter began the quest for the
                  | Orb.
     0 | D:1      | Reached XP level 1. HP: 15/15 MP: 3/3
   606 | D:1      | Reached XP level 2. HP: 21/21 MP: 5/5
   642 | D:1      | Learned a level 2 spell: Sticks to Snakes
   675 | D:1      | Reached skill level 1 in Polearms
   995 | D:1      | Found a shattered altar of Ashenzari.
  1008 | D:1      | Reached XP level 3. HP: 26/26 MP: 6/6
  1443 | D:1      | Reached XP level 4. HP: 28/33 MP: 7/7
  1477 | D:1      | Learned a level 3 spell: Spider Form
  1520 | D:2      | Reached skill level 2 in Polearms
  1949 | D:2      | Reached XP level 5. HP: 27/38 MP: 8/8
  2242 | D:2      | Learned a level 4 spell: Ice Form
  2811 | D:3      | Reached skill level 3 in Polearms
  2861 | D:3      | Reached XP level 6. HP: 41/46 MP: 7/10
  3472 | D:4      | Noticed a sky beast
  3870 | D:4      | Reached XP level 7. HP: 52/52 MP: 7/12
  3931 | D:4      | Reached skill level 4 in Polearms
  4133 | D:4      | Reached skill level 5 in Transmutations
  4138 | D:4      | Reached skill level 5 in Dodging
  4184 | D:4      | Found Imolit's Gadget Shop.
  4661 | D:5      | Entered Level 5 of the Dungeon
  5126 | D:5      | Reached skill level 5 in Polearms
  5142 | D:5      | Reached skill level 1 in Shields
  5142 | D:5      | Reached XP level 8. HP: 29/60 MP: 9/13
  5585 | D:5      | Noticed Pikel
  5592 | D:5      | Noticed Blork the orc
  5610 | D:4      | Killed Blork the orc
  5990 | D:5      | Noticed Eustachio
  6018 | D:5      | Killed Eustachio
  6018 | D:5      | Reached skill level 6 in Polearms
  6663 | D:5      | Reached skill level 7 in Polearms
  6663 | D:5      | Reached XP level 9. HP: 65/65 MP: 9/15
  6866 | D:5      | Learned a level 5 spell: Blade Hands
  6932 | D:5      | Killed Pikel
  7125 | D:6      | Noticed Edmund
  7138 | D:6      | Killed Edmund
  7250 | D:6      | Reached skill level 8 in Polearms
  7627 | D:6      | Noticed Sigmund
  7651 | D:6      | Killed Sigmund
  7782 | D:6      | Reached skill level 9 in Polearms
  8131 | D:7      | Got a pair of twisted boots
  8175 | D:7      | Identified the +1 pair of boots of Gaoh {-Tele Str+7 Int+4
                  | Dex+9} (You found it on level 7 of the Dungeon)
  8730 | D:7      | Found a staircase to the Ecumenical Temple.
  9136 | D:7      | Reached XP level 10. HP: 66/71 MP: 16/16
  9580 | D:8      | Reached skill level 10 in Polearms
  9802 | D:8      | Reached skill level 10 in Transmutations
  9812 | D:8      | Reached skill level 10 in Dodging
  9920 | D:8      | Reached skill level 11 in Polearms
 10122 | Temple   | Entered the Ecumenical Temple
 10202 | Temple   | Became a worshipper of the Shining One
 10539 | D:8      | Paralysed by a hornet for 2 turns
 10548 | D:8      | Reached skill level 12 in Polearms
 11421 | D:9      | Reached skill level 13 in Polearms
 11560 | D:9      | Reached XP level 11. HP: 39/77 MP: 15/17
 11568 | D:9      | Reached skill level 14 in Polearms
 11905 | D:9      | Reached * piety under the Shining One
 11934 | D:9      | Reached skill level 5 in Fighting
 12378 | D:9      | Noticed a moth of wrath
 12380 | D:9      | Found a bloodstained altar of Trog.
 12690 | D:10     | Entered Level 10 of the Dungeon
 12697 | D:10     | Noticed Gastronok
 12785 | D:10     | Killed Gastronok
 13055 | D:10     | Reached skill level 5 in Unarmed Combat
 13064 | D:10     | Found a runed translucent door.
 13065 | D:10     | Noticed barcode's ghost (journeyman MfWr)
 13133 | D:10     | Reached ** piety under the Shining One
 13582 | D:10     | Reached *** piety under the Shining One
 13999 | D:11     | Noticed a brown ugly thing
 14048 | D:11     | Found a shadowy altar of Dithmenos.
 14056 | D:11     | Noticed a two-headed ogre
 14120 | D:10     | Killed a two-headed ogre
 14341 | D:11     | Reached skill level 1 in Ice Magic
 14341 | D:11     | Reached skill level 1 in Invocations
 14345 | D:11     | Reached skill level 1 in Poison Magic
 14345 | D:11     | Reached skill level 1 in Evocations
 14539 | D:11     | Found a staircase to the Lair.
 14543 | D:11     | Noticed a death yak
 14568 | D:11     | Noticed a death yak
 14573 | D:11     | Noticed a death yak
 14703 | D:10     | Killed a death yak
 14703 | D:10     | Reached XP level 12. HP: 64/92 MP: 11/18
 15125 | D:11     | Got a slimy spear
 15126 | D:11     | Identified the +7 spear of Wujoppum {protect, rPois MR+}
                  | (You found it on level 11 of the Dungeon)
 15367 | D:11     | Reached **** piety under the Shining One
 15532 | D:11     | Found a staircase to the Orcish Mines.
 15973 | D:10     | Killed barcode's ghost
 16034 | Lair:1   | Entered Level 1 of the Lair of Beasts
 16038 | Lair:1   | Noticed H0rd4k's ghost (journeyman HuAr)
 16213 | Lair:1   | Got a smoking chain mail
 16301 | Lair:1   | Found a runed translucent gate.
 16302 | Lair:1   | Found a runed translucent gate.
 16304 | Lair:1   | Found a runed translucent gate.
 16345 | Lair:1   | Reached skill level 1 in Armour
 16708 | Lair:1   | Got an ichor-stained falchion
 16832 | Lair:1   | Identified the +8 falchion "Atheanku" {antimagic, rC-
                  | Int+5} (You found it on level 1 of the Lair of Beasts)
 17082 | Lair:1   | Killed H0rd4k's ghost
 17082 | Lair:1   | Reached skill level 5 in Ice Magic
 17082 | Lair:1   | Reached skill level 5 in Poison Magic
 17082 | Lair:1   | Reached skill level 5 in Invocations
 17158 | Lair:2   | Noticed a four-headed hydra
 17169 | Lair:2   | Killed a four-headed hydra
 17250 | Lair:2   | Reached XP level 13. HP: 75/98 MP: 19/19
 17384 | Lair:2   | Found a hole to the Spider Nest.
 17924 | Lair:2   | Found a staircase to the Swamp.
 18267 | Lair:2   | Reached skill level 5 in Evocations
 18657 | Lair:3   | Found a frozen archway.
 18671 | Lair:3   | Got a translucent ring mail
 18677 | IceCv    | Entered an ice cave
 18737 | IceCv    | Reached skill level 5 in Spellcasting
 18920 | IceCv    | Noticed a frost giant
 18947 | IceCv    | HP: 5/100 [frost giant/bolt of cold (23)]
 19375 | IceCv    | Killed a frost giant
 20466 | Lair:3   | Identified the +4 ring mail "Hoteipt" {Str+4} (You found it
                  | on level 3 of the Lair of Beasts)
 20476 | Lair:3   | Identified the +1 chain mail of the Blacksmith {Dex+7} (You
                  | found it on level 1 of the Lair of Beasts)
 20754 | Lair:3   | Found a runed translucent door.
 20772 | Lair:3   | Noticed Rupert
 20772 | Lair:3   | Reached ***** piety under the Shining One
 20795 | Lair:3   | Noticed Brecoman's ghost (journeyman GnWn)
 20795 | Lair:3   | Noticed Snorg
 20846 | Lair:3   | HP: 3/101 [Rupert/+2 battleaxe of freezing (32)]
 20846 | Lair:3   | The Shining One protects you from harm!
 20848 | Lair:3   | Mangled by Rupert

Skill      XL: |  1  2  3  4  5  6  7  8  9 10 11 12 13 |
---------------+----------------------------------------+-----
Dodging        | 3 4 5 7 9 10 11 | 11.3
Transmutations | 3 4 5 7 9 10 | 10.0
Polearms       | 1 2 3 5 7 9 13 14 | 14.1
Fighting       | 2 3 4 8 9 |  9.2
Unarmed Combat | 4 8 9 |  9.2
Spellcasting   | 3 4 5 |  5.5
Shields        | 1 3 4 |  4.0
Ice Magic      | 1 5 |  5.0
Invocations    | 1 5 6 |  6.8
Poison Magic   | 1 5 |  5.0
Evocations     | 1 4 5 |  5.8
Armour         | 2 3 |  3.7

Action                   |  1- 3 |  4- 6 |  7- 9 | 10-12 | 13-15 || total
-------------------------+-------+-------+-------+-------+-------++-------
Melee: Unarmed           |    15 |    49 |   207 |   211 |    51 ||   533
       Spear             |   150 |   272 |   321 |   355 |   498 ||  1596
       Punch             |     4 |     3 |       |     1 |       ||     8
       Headbutt          |     1 |       |       |       |       ||     1
       Trident           |       |       |   136 |   714 |       ||   850
       Tailslap          |       |       |       |     2 |       ||     2
Throw: Javelin           |       |     8 |     2 |     5 |     9 ||    24
       Throwing net      |       |       |     1 |       |       ||     1
 Cast: Beastly Appendage |     1 |       |       |       |       ||     1
       Sticks to Snakes  |     3 |       |       |    12 |     7 ||    22
       Spider Form       |       |     6 |    19 |    15 |     2 ||    42
       Blade Hands       |       |       |       |     5 |       ||     5
       Ice Form          |       |       |       |       |     6 ||     6
 Abil: End Transformatio |       |       |       |     3 |     3 ||     6
Evoke: Wand              |       |       |       |     4 |     7 ||    11
  Use: Scroll            |     2 |     1 |    12 |     9 |     7 ||    31
       Potion            |       |       |       |     5 |     2 ||     7
 Stab: Sleeping          |     3 |     1 |     1 |       |       ||     5
       Held in net/web   |       |       |     1 |       |       ||     1
  Eat: Chunk             |     2 |     9 |    19 |    25 |    11 ||    66
       Ration            |       |       |       |     2 |     1 ||     3
Armor: Robe              |    62 |    89 |     4 |       |       ||   155
       Skin              |       |     2 |     6 |     5 |    11 ||    24
       Leather armour    |       |       |    71 |   165 |    87 ||   323
Dodge: Dodged            |   122 |   201 |   407 |   714 |   469 ||  1913
Block: Buckler           |       |       |    56 |   151 |    84 ||   291
